| TOP OF THE 1ST |
|
Quad Cities Angels batting - Pitching for Wisconsin Rapids Timber Rattlers : RHP James Green
|
|
Pitching: RHP James Green
|
|
|
Batting: RHB Rolando Roomes
|
0-0: Called Strike 0-1: Ball 1-1: Ball 2-1: Swinging Strike 2-2: Strikes out looking
|
|
Batting: RHB Oscar Mejia
|
0-0: Fly out, F8 (Flyball, 8LD, EV 92.5 MPH)
|
|
Batting: RHB Dionisio DeJesus
|
0-0: Called Strike 0-1: Ground out 6-3 (Groundball, 6, EV 85.0 MPH)
|
| Top of the 1st over - 0 runs, 0 hits, 0 errors, 0 left on base; Quad Cities 0 - Wisconsin Rapids 0 |
| BOTTOM OF THE 1ST |
|
Wisconsin Rapids Timber Rattlers batting - Pitching for Quad Cities Angels : RHP Grady Warren
|
|
Pitching: RHP Grady Warren
|
|
|
Batting: RHB Charles Stafford
|
0-0: Called Strike 0-1: Ball 1-1: Ball 2-1: Ground out 6-3 (Groundball, 56, EV 105.0 MPH)
|
|
Batting: RHB Tim Pyznarski
|
0-0: Ground out 5-3 (Groundball, 5, EV 101.3 MPH)
|
|
Batting: RHB Justin Andrews
|
0-0: Ball 1-0: Ball 2-0: Called Strike 2-1: Foul Ball, location: 2F 2-2: Ball 3-2: Hit by Pitch
|
|
Batting: LHB Jeff Kenaga
|
0-0: Ball 1-0: Ball 2-0: Ball 3-0: Base on Balls Justin Andrews to second
|
|
Batting: LHB Jerry George
|
0-0: Ball 1-0: Ball 2-0: Ball 3-0: Base on Balls Justin Andrews to third Jeff Kenaga to second
|
|
Batting: LHB Jimmy Hickman
|
0-0: Ball 1-0: Foul Ball, location: 2F 1-1: Called Strike 1-2: TRIPLE (Flyball, 89XD, EV 100.0 MPH) Justin Andrews scores Jeff Kenaga scores Jerry George scores
|
|
Batting: RHB Barbaro Garbey
|
0-0: Ground out 1-3 (Groundball, 13S, EV 76.9 MPH)
|
| Bottom of the 1st over - 3 runs, 1 hit, 0 errors, 1 left on base; Quad Cities 0 - Wisconsin Rapids 3 |
| TOP OF THE 2ND |
|
Quad Cities Angels batting - Pitching for Wisconsin Rapids Timber Rattlers : RHP James Green
|
|
Batting: LHB Bob Helsom
|
0-0: Foul Ball, location: 2F 0-1: Swinging Strike 0-2: Ball 1-2: Ball 2-2: Ball 3-2: Foul Ball, location: 2F 3-2: Base on Balls
|
|
Batting: RHB Stewart Bringhurst
|
0-0: Called Strike 0-1: Foul Ball, location: 2F 0-2: Ball 1-2: Foul Ball, location: 2F 1-2: Strikes out looking
|
|
Batting: LHB Chuck Sandberg
|
0-0: Called Strike 0-1: Called Strike 0-2: Foul Ball, location: 2F 0-2: Ball 1-2: Ball 2-2: Ball 3-2: Strikes out swinging
|
|
Batting: RHB Greg Griffin
|
0-0: Ball 1-0: Ball 2-0: Called Strike 2-1: Foul Ball, location: 2F 2-2: Ball 3-2: Base on Balls Bob Helsom to second
|
|
Batting: RHB Carlos Rios
|
0-0: Ball 1-0: Ball 2-0: Called Strike 2-1: Ball 3-1: Base on Balls Bob Helsom to third Greg Griffin to second
|
|
Batting: RHB Lance Ediger
|
0-0: Ball 1-0: Fielders Choice at 2nd, 6-4 (Groundball, 6, EV 101.3 MPH)
|
| Top of the 2nd over - 0 runs, 0 hits, 0 errors, 3 left on base; Quad Cities 0 - Wisconsin Rapids 3 |
| BOTTOM OF THE 2ND |
|
Wisconsin Rapids Timber Rattlers batting - Pitching for Quad Cities Angels : RHP Grady Warren
|
|
Batting: RHB Mitchell Cipolla
|
0-0: Ball 1-0: Ball 2-0: Called Strike 2-1: Called Strike 2-2: Strikes out swinging
|
|
Batting: RHB Carlos Amezcua
|
0-0: Called Strike 0-1: Ball 1-1: Foul Ball, location: 2F 1-2: Fly out, F2 (Popup, 3SF, EV 85.6 MPH)
|
|
Batting: RHB Charles Stafford
|
0-0: Ball 1-0: Ball 2-0: SINGLE (Line Drive, 6MD, EV 100.0 MPH)
|
|
Batting: RHB Tim Pyznarski
|
0-0: Called Strike 0-1: Swinging Strike 0-2: Ball 1-2: Foul Ball, location: 2F 1-2: Strikes out swinging
|
| Bottom of the 2nd over - 0 runs, 1 hit, 0 errors, 1 left on base; Quad Cities 0 - Wisconsin Rapids 3 |
| TOP OF THE 3RD |
|
Quad Cities Angels batting - Pitching for Wisconsin Rapids Timber Rattlers : RHP James Green
|
|
Batting: RHB Rolando Roomes
|
0-0: Ground out 5-3 (Groundball, 56S, EV 73.1 MPH)
|
|
Batting: RHB Oscar Mejia
|
0-0: Ball 1-0: Reached on error, E3 (Groundball, 3S, EV 85.0 MPH)
|
|
Batting: RHB Dionisio DeJesus
|
0-0: Foul Ball, location: 2F 0-1: Ball 1-1: Swinging Strike 1-2: Strikes out swinging
|
|
Batting: LHB Bob Helsom
|
0-0: Ball 1-0: Ball 2-0: Foul Ball, location: 2F 2-1: Called Strike 2-2: Foul Ball, location: 2F 2-2: SINGLE (Groundball, 4D, EV 103.8 MPH) Oscar Mejia to second Runner from 2nd tries for 3rd, SAFE, no throw by CF
|
|
Batting: RHB Stewart Bringhurst
|
0-0: Called Strike 0-1: Ball 1-1: Fielders Choice at 2nd, 5-4 (Groundball, 56, EV 103.8 MPH)
|
| Top of the 3rd over - 0 runs, 1 hit, 1 error, 2 left on base; Quad Cities 0 - Wisconsin Rapids 3 |
| BOTTOM OF THE 3RD |
|
Wisconsin Rapids Timber Rattlers batting - Pitching for Quad Cities Angels : RHP Grady Warren
|
|
Batting: RHB Justin Andrews
|
0-0: SINGLE (Line Drive, 7S, EV 100.6 MPH)
|
|
Batting: LHB Jeff Kenaga
|
0-0: Fielders Choice at 2nd, 6-4 (Groundball, 56D, EV 92.5 MPH)
|
|
Batting: LHB Jerry George
|
0-0: Foul Ball, location: 2F 0-1: Foul Ball, location: 2F 0-2: Ball 1-2: Ball 2-2: Foul Ball, location: 2F 2-2: Fly out, F7 (Flyball, 78S, EV 85.0 MPH)
|
|
Batting: LHB Jimmy Hickman
|
0-0: Called Strike 0-1: Ball 1-1: Ground out 1-3 (Groundball, 13S, EV 67.5 MPH)
|
| Bottom of the 3rd over - 0 runs, 1 hit, 0 errors, 1 left on base; Quad Cities 0 - Wisconsin Rapids 3 |
| TOP OF THE 4TH |
|
Quad Cities Angels batting - Pitching for Wisconsin Rapids Timber Rattlers : RHP James Green
|
|
Batting: LHB Chuck Sandberg
|
0-0: Called Strike 0-1: Swinging Strike 0-2: Foul Ball, location: 2F 0-2: Ball 1-2: Strikes out swinging
|
|
Batting: RHB Greg Griffin
|
0-0: Called Strike 0-1: Foul Ball, location: 2F 0-2: Ground out 6-3 (Groundball, 6, EV 75.6 MPH)
|
|
Batting: RHB Carlos Rios
|
0-0: Called Strike 0-1: Called Strike 0-2: Foul Ball, location: 2F 0-2: Fly out, F9 (Flyball, 9LM, EV 85.6 MPH)
|
| Top of the 4th over - 0 runs, 0 hits, 0 errors, 0 left on base; Quad Cities 0 - Wisconsin Rapids 3 |
| BOTTOM OF THE 4TH |
|
Wisconsin Rapids Timber Rattlers batting - Pitching for Quad Cities Angels : RHP Grady Warren
|
|
Batting: RHB Barbaro Garbey
|
0-0: Called Strike 0-1: Reached on error, E6 (Groundball, 6, EV 82.5 MPH)
|
|
Batting: RHB Mitchell Cipolla
|
0-0: Called Strike 0-1: Called Strike 0-2: Ball 1-2: Strikes out swinging
|
|
Batting: RHB Carlos Amezcua
|
0-0: Called Strike 0-1: Grounds into double play, 5-4-3 (Groundball, 25, EV 78.8 MPH)
|
| Bottom of the 4th over - 0 runs, 0 hits, 1 error, 0 left on base; Quad Cities 0 - Wisconsin Rapids 3 |
| TOP OF THE 5TH |
|
Quad Cities Angels batting - Pitching for Wisconsin Rapids Timber Rattlers : RHP James Green
|
|
Batting: RHB Lance Ediger
|
0-0: Called Strike 0-1: Ball 1-1: Called Strike 1-2: Foul Ball, location: 2F 1-2: SINGLE (Line Drive, 4MD, EV 103.8 MPH)
|
|
Pitching: RHP Roger McDowell
|
|
|
Batting: RHB Rolando Roomes
|
0-0: Ball 1-0: Ground out 5-3 (Groundball, 56, EV 108.8 MPH) Lance Ediger to second
|
|
Batting: RHB Oscar Mejia
|
0-0: Ball 1-0: Ground out 6-3 (Groundball, 56, EV 91.3 MPH)
|
|
Batting: RHB Dionisio DeJesus
|
0-0: Called Strike 0-1: Ball 1-1: Swinging Strike 1-2: Foul Ball, location: 2F 1-2: Strikes out swinging
|
| Top of the 5th over - 0 runs, 1 hit, 0 errors, 1 left on base; Quad Cities 0 - Wisconsin Rapids 3 |
| BOTTOM OF THE 5TH |
|
Wisconsin Rapids Timber Rattlers batting - Pitching for Quad Cities Angels : RHP Grady Warren
|
|
Batting: RHB Charles Stafford
|
0-0: Foul Ball, location: 2F 0-1: Ball 1-1: Called Strike 1-2: SINGLE (Line Drive, 6D, EV 96.3 MPH)
|
|
Batting: RHB Tim Pyznarski
|
0-0: Ball 1-0: Bunted foul 1-1: Bunt missed! 1-2: Foul Ball, location: 2F 1-2: SINGLE (Line Drive, 8RS, EV 99.4 MPH) Charles Stafford to second Runner from 2nd tries for 3rd, SAFE, throw by CF made to third
|
|
Batting: RHB Justin Andrews
|
0-0: Foul Ball, location: 2F 0-1: Swinging Strike 0-2: Fly out, F6 (Line Drive, 6, EV 76.3 MPH)
|
|
Batting: LHB Jeff Kenaga
|
0-0: Called Strike 0-1: Ball 1-1: Ball 2-1: 3-RUN HOME RUN (Flyball, 78XD, EV 90.6 MPH), Distance : 430 ft
|
|
Pitching: RHP Rickey Lear
|
|
|
Batting: LHB Jerry George
|
0-0: Ball 1-0: Foul Ball, location: 2F 1-1: Called Strike 1-2: Ball 2-2: Foul Ball, location: 2F 2-2: Fly out, F8 (Flyball, 89M, EV 88.8 MPH)
|
|
Batting: LHB Jimmy Hickman
|
0-0: Ball 1-0: DOUBLE (Line Drive, 78D, EV 111.9 MPH)
|
|
Batting: RHB Barbaro Garbey
|
0-0: DOUBLE (Line Drive, 9LS, EV 97.5 MPH) Jimmy Hickman scores
|
|
Batting: RHB Mitchell Cipolla
|
0-0: Ball 1-0: Ball 2-0: Called Strike 2-1: Ball 3-1: Base on Balls
|
|
Batting: RHB Carlos Amezcua
|
0-0: Ball 1-0: Ball 2-0: SINGLE (Line Drive, 5D, EV 98.1 MPH) Barbaro Garbey to third Mitchell Cipolla to second Runner from 3rd tries for Home, SAFE, throw by LF to home
|
|
Batting: RHB Charles Stafford
|
0-0: Called Strike 0-1: Ball 1-1: Ground out 5-3 (Groundball, 5S, EV 86.9 MPH)
|
| Bottom of the 5th over - 5 runs, 6 hits, 0 errors, 2 left on base; Quad Cities 0 - Wisconsin Rapids 8 |
| TOP OF THE 6TH |
|
Quad Cities Angels batting - Pitching for Wisconsin Rapids Timber Rattlers : RHP Roger McDowell
|
|
Batting: LHB Bob Helsom
|
0-0: Ball 1-0: Ball 2-0: Ball 3-0: Called Strike 3-1: Called Strike 3-2: Ground out 6-3 (Groundball, 56D, EV 111.3 MPH)
|
|
Batting: RHB Stewart Bringhurst
|
0-0: Called Strike 0-1: Foul Ball, location: 2F 0-2: SINGLE (Groundball, 56S, EV 73.1 MPH) (infield hit)
|
|
Batting: LHB Chuck Sandberg
|
0-0: Grounds into double play, 4-6-3 (Groundball, 4, EV 99.4 MPH)
|
| Top of the 6th over - 0 runs, 1 hit, 0 errors, 0 left on base; Quad Cities 0 - Wisconsin Rapids 8 |
| BOTTOM OF THE 6TH |
|
Wisconsin Rapids Timber Rattlers batting - Pitching for Quad Cities Angels : RHP Rickey Lear
|
|
Batting: RHB Tim Pyznarski
|
0-0: Foul Ball, location: 2F 0-1: Ball 1-1: Ball 2-1: Ball 3-1: Base on Balls
|
|
Batting: RHB Justin Andrews
|
0-0: Ball 1-0: Called Strike 1-1: SINGLE (Groundball, 56S, EV 74.4 MPH) (infield hit) Tim Pyznarski to second
|
|
Batting: LHB Jeff Kenaga
|
0-0: Foul Ball, location: 2F 0-1: 3-RUN HOME RUN (Line Drive, 78XD, EV 98.8 MPH), Distance : 428 ft
|
|
Pitching: RHP David Mangrum
|
|
|
Batting: LHB Jerry George
|
0-0: Ball 1-0: DOUBLE (Line Drive, 7LS, EV 100.0 MPH)
|
|
Batting: LHB Jimmy Hickman
|
0-0: Ball 1-0: Called Strike 1-1: Called Strike 1-2: Ball 2-2: Ball 3-2: Fly out, F7 (Flyball, 7LM, EV 95.6 MPH)
|
|
Batting: RHB Barbaro Garbey
|
0-0: Ball 1-0: Ball 2-0: Ball 3-0: Base on Balls
|
|
Batting: RHB Mitchell Cipolla
|
0-0: Called Strike 0-1: Ball 1-1: Grounds into double play, 4-6-3 (Groundball, 4, EV 83.8 MPH)
|
| Bottom of the 6th over - 3 runs, 3 hits, 0 errors, 1 left on base; Quad Cities 0 - Wisconsin Rapids 11 |
| TOP OF THE 7TH |
|
Quad Cities Angels batting - Pitching for Wisconsin Rapids Timber Rattlers : RHP Roger McDowell
|
|
Pinch Hitting: LHB Matteo Allucingoli
|
0-0: Swinging Strike 0-1: Ball 1-1: SINGLE (Line Drive, 89S, EV 96.3 MPH)
|
|
Pinch Hitting: RHB Bradley Baker
|
0-0: 2-RUN HOME RUN (Flyball, 7D, EV 109.4 MPH), Distance : 364 ft
|
|
Batting: RHB Lance Ediger
|
0-0: Ball 1-0: Called Strike 1-1: Swinging Strike 1-2: Ball 2-2: Foul Ball, location: 2F 2-2: SINGLE (Groundball, 6S, EV 67.5 MPH) (infield hit)
|
|
Pinch Hitting: SHB Brian Butera
|
0-0: Ball 1-0: Foul Ball, location: 2F 1-1: Swinging Strike 1-2: Foul Ball, location: 2F 1-2: Fielders Choice at 2nd, 4-6 (Groundball, 4, EV 100.6 MPH)
|
|
Pinch Hitting: RHB Craig Walck
|
0-0: Ball Wild Pitch! Brian Butera to second 1-0: Called Strike 1-1: Foul Ball, location: 2F 1-2: Ground out 6-3 (Groundball, 6MD, EV 105.6 MPH) Brian Butera to third
|
|
Batting: RHB Dionisio DeJesus
|
0-0: Called Strike 0-1: Foul Ball, location: 2F 0-2: Ball 1-2: Ground out 1-3 (Groundball, 13S, EV 68.1 MPH)
|
| Top of the 7th over - 2 runs, 3 hits, 0 errors, 1 left on base; Quad Cities 2 - Wisconsin Rapids 11 |
| BOTTOM OF THE 7TH |
|
Wisconsin Rapids Timber Rattlers batting - Pitching for Quad Cities Angels : RHP David Mangrum
|
|
Now at 3B: Craig Walck
|
|
|
Now at SS: Bradley Baker
|
|
|
Now in LF: Brian Butera
|
|
|
Now in RF: Matteo Allucingoli
|
|
|
Batting: RHB Carlos Amezcua
|
0-0: Ground out 5-3 (Groundball, 56, EV 90.6 MPH)
|
|
Batting: RHB Charles Stafford
|
0-0: Ball 1-0: Ball 2-0: Swinging Strike 2-1: Ball 3-1: Base on Balls
|
|
Batting: RHB Tim Pyznarski
|
0-0: Called Strike 0-1: Foul Ball, location: 2F 0-2: Ball 1-2: Ball 2-2: DOUBLE (Line Drive, 7LD, EV 110.0 MPH) Charles Stafford to third
|
|
Batting: RHB Justin Andrews
|
0-0: Ball 1-0: Fly out, F8 (Flyball, 8LS, EV 94.4 MPH)
|
|
Batting: LHB Jeff Kenaga
|
0-0: Ball 1-0: Called Strike 1-1: Called Strike 1-2: Ball 2-2: DOUBLE (Line Drive, 89D, EV 113.1 MPH) Charles Stafford scores Tim Pyznarski scores
|
|
Batting: LHB Jerry George
|
0-0: Ball 1-0: Ball 2-0: Called Strike 2-1: Ball 3-1: Base on Balls
|
|
Batting: LHB Jimmy Hickman
|
0-0: Ball 1-0: Called Strike 1-1: Fly out, F8 (Line Drive, 8LM, EV 103.1 MPH)
|
| Bottom of the 7th over - 2 runs, 2 hits, 0 errors, 2 left on base; Quad Cities 2 - Wisconsin Rapids 13 |
| TOP OF THE 8TH |
|
Quad Cities Angels batting - Pitching for Wisconsin Rapids Timber Rattlers : RHP Roger McDowell
|
|
Batting: LHB Bob Helsom
|
0-0: Ball 1-0: Fly out, F8 (Flyball, 8LXD, EV 95.6 MPH)
|
|
Batting: RHB Stewart Bringhurst
|
0-0: Ball 1-0: Ball 2-0: Ball 3-0: Called Strike 3-1: Called Strike 3-2: Foul Ball, location: 2F 3-2: Fly out, F9 (Flyball, 9, EV 74.4 MPH)
|
|
Pinch Hitting: LHB Gary Bishop
|
0-0: Ground out 6-3 (Groundball, 6, EV 89.4 MPH)
|
| Top of the 8th over - 0 runs, 0 hits, 0 errors, 0 left on base; Quad Cities 2 - Wisconsin Rapids 13 |
| BOTTOM OF THE 8TH |
|
Wisconsin Rapids Timber Rattlers batting - Pitching for Quad Cities Angels : RHP David Mangrum
|
|
Now at 1B: Gary Bishop
|
|
|
Batting: RHB Barbaro Garbey
|
0-0: Ball 1-0: Ball 2-0: Ball 3-0: Base on Balls
|
|
Pitching: LHP Charles Redd
|
|
|
Batting: RHB Mitchell Cipolla
|
0-0: Ball 1-0: Ball 2-0: Foul Ball, location: 2F 2-1: Swinging Strike 2-2: Foul Ball, location: 2F 2-2: Foul Ball, location: 2F 2-2: Ball 3-2: Grounds into double play, 4-6-3 (Groundball, 4, EV 101.9 MPH)
|
|
Batting: RHB Carlos Amezcua
|
0-0: Ball 1-0: Called Strike 1-1: Foul Ball, location: 2F 1-2: Ground out 5-3 (Groundball, 56S, EV 88.1 MPH)
|
| Bottom of the 8th over - 0 runs, 0 hits, 0 errors, 0 left on base; Quad Cities 2 - Wisconsin Rapids 13 |
| TOP OF THE 9TH |
|
Quad Cities Angels batting - Pitching for Wisconsin Rapids Timber Rattlers : RHP Roger McDowell
|
|
Batting: LHB Matteo Allucingoli
|
0-0: Called Strike 0-1: Called Strike 0-2: Ball 1-2: Foul Ball, location: 2F 1-2: Strikes out swinging
|
|
Pitching: RHP Mark Williamson
|
|
|
Batting: RHB Bradley Baker
|
0-0: Swinging Strike 0-1: Ball 1-1: SINGLE (Line Drive, 89S, EV 88.1 MPH)
|
|
Batting: RHB Lance Ediger
|
0-0: Fielders Choice at 2nd, 6-4 (Groundball, 6M, EV 89.4 MPH)
|
|
Pinch Hitting: RHB Mark Riemer
|
0-0: Swinging Strike 0-1: Ball 1-1: Called Strike 1-2: Foul Ball, location: 2F 1-2: Ball 2-2: Strikes out swinging
|
| Top of the 9th over - 0 runs, 1 hit, 0 errors, 1 left on base; Quad Cities 2 - Wisconsin Rapids 13 |
|